 Dungeon Crawl Stone Soup version 0.19.1-1-g22dce08 (webtiles) character file.

10195 Gargoyl the Protected (level 11, -1/91 HPs)
             Began as a Ghoul Abyssal Knight on Dec 30, 2016.
             Was a High Priest of Lugonu.
             Killed from afar by an electric eel (11 damage)
             ... with a bolt of electricity
             ... on level 2 of the Lair of Beasts.
             The game lasted 00:21:24 (10172 turns).

Gargoyl the Protected (Ghoul Abyssal Knight)       Turns: 10172, Time: 00:21:25

Health: -1/91      AC: 18    Str: 18    XL:     11   Next: 58%
Magic:  16/16      EV:  4    Int:  7    God:    Lugonu [*****.]
Gold:   444        SH:  9    Dex: 10    Spells: 0 memorised, 10 levels left

rFire  . . .     SeeInvis .     t - +1 trident (vamp)
rCold  + . .     Gourm    .     h - +0 plate armour
rNeg   + + +     Faith    .     v - +0 shield
rPois  ∞         Spirit   .     o - +1 helmet
rElec  .         Reflect  .     g - +0 cloak
rCorr  +         Harm     .     (no gloves)
MR     .....                    (no boots)
Stlth  ..........               (no amulet)
                                (no ring)
                                n - ring of resist corrosion

@: rotting
A: rotting body, claws 1, carnivore 3, cold resistance 1, negative energy
resistance 3, slow regeneration 1, torment resistance, unbreathing
a: Depart the Abyss, Bend Space, Banish, Corrupt, Enter the Abyss, Renounce
Religion


You were on level 2 of the Lair of Beasts.
You worshipped Lugonu.
Lugonu was extremely pleased with you.
You were not hungry.

You visited 2 branches of the dungeon, and saw 11 of its levels.
You visited the Abyss 1 time.

You collected 812 gold pieces.
You spent 368 gold pieces at shops.

Inventory:

Hand Weapons
 a - a +1 hand axe
 k - the +5 long sword of Apuh {drain, Stlth+}
   (You found it on level 6 of the Dungeon)

   A truly terrible weapon, it drains the life of those it strikes.
   It makes you more stealthy.
 m - a +0 war axe
 t - a +1 vampiric trident (weapon)
 D - a +3 scimitar of flaming
Missiles
 l - 33 tomahawks (quivered)
Armour
 g - a +0 cloak (worn)
 h - a +0 plate armour (worn)
 o - a +1 helmet (worn)
 v - a +0 shield (worn)
Jewellery
 n - a ring of resist corrosion (left claw)
 G - an uncursed amulet of guardian spirit {unknown}
Wands
 e - a wand of heal wounds (8/9)
 f - a wand of disintegration (9/24)
 w - a wand of slowing (5/48)
 y - a wand of lightning (6/15)
Scrolls
 d - 4 scrolls of magic mapping
 i - 4 scrolls of teleportation
 j - 4 scrolls of recharging
 q - 5 scrolls of remove curse
 C - a scroll of blinking
Potions
 p - a potion of flight {unknown}
 r - a potion of cancellation {unknown}
 s - 3 potions of might
 u - a potion of resistance
 z - 5 potions of curing
 A - a potion of ambrosia
 B - a potion of agility
 F - a potion of haste {unknown}
Comestibles
 b - 2 slices of pizza
 c - 9 meat rations
 E - a beef jerky


   Skills:
 + Level 6.8 Fighting
 + Level 7.5 Long Blades
 + Level 5.2 Axes
 + Level 0.8 Throwing
 * Level 9.3 Armour
 + Level 2.0 Dodging
 + Level 4.8 Shields
 * Level 8.8 Invocations


You had 10 spell levels left.
You didn't know any spells.

Dungeon Overview and Level Annotations

Branches:
Dungeon (9/15)             Temple (0/1) D:6            Lair (2/6) D:9
 Shoals (0/4) Lair:2
  Snake: Lair:2-4    Spider: Lair:2-4       Orc: D:9-12

Altars:
Cheibriados
Elyvilon
Fedhas
Kikubaaqudgha
Okawaru
Qazlal
Trog
Vehumet
Xom
Yredelemnul
Zin
The Shining One

Shops:
D:6 (   D:8 !


Innate Abilities, Weirdness & Mutations

Your body is rotting away.
You thrive on raw meat.
You are immune to poison.
You have sharp fingernails.
You are carnivorous and can eat meat at any time.
Your flesh is cold resistant. (rC+)
You are immune to negative energy. (rN+++)
You regenerate slowly when monsters are visible.
You are immune to unholy pain and torment.
You can survive without breathing.


Message History

You hit the electric eel.
You feel better.
The electric eel is severely wounded.
You hit the electric eel but do no damage.
The electric eel is severely wounded.
You hit the electric eel.
You feel better.
The electric eel is almost dead.
The electric eel shoots out a bolt of lightning at you!
The bolt of electricity hits you! x2
* * * LOW HITPOINT WARNING * * *
You closely miss the electric eel.
The electric eel is almost dead.
The electric eel shoots out a bolt of lightning at you!
The bolt of electricity hits you!
* * * LOW HITPOINT WARNING * * *
The bolt of electricity hits you!
* * * LOW HITPOINT WARNING * * *
You feel better.
The electric eel shoots out a bolt of lightning at you!
The bolt of electricity hits you!
You die...

.......#...#.#...#.#####
#...##.......#......#
.......#............#
....................#
#.#.#.....#......#..# #
........###.....###.# .
........≈.####### ≈... .
#......#.≈≈≈###≈≈≈.#....
. #####..#..@;≈≈≈≈...
....... #..###..#>#..##
....... #.. ###...
....... #.. #### .....#
#.. ....... ... ....PP#
... .....# #....... ...
....# #........# ...


You could see an electric eel.

Vanquished Creatures
  A hydra (Lair:1)
  Erica (D:8)
  A black mamba (Lair:1)
  A spiny frog (Lair:1)
  A rime drake (Lair:2)
  2 komodo dragons (Lair:1)
  A merfolk (Lair:2)
  Grinder (D:2)
  Prince Ribbit (D:8)
  3 hippogriffs
  Sigmund (D:6)
  9 yaks
  Menkaure (D:6)
  Edmund (D:6)
  7 water moccasins
  Duvessa (D:7)
  The ghost of dricus the Sneak, an amateur SpEn (D:3)
  3 orc warriors
  An ice beast (D:8)
  A black bear (D:9)
  A sky beast (D:8)
  3 ogres
  2 centaurs
  3 phantoms
  6 crocodiles
  8 bullfrogs
  Dowan (D:7)
  2 scorpions
  A water moccasin skeleton (D:7)
  2 crimson imps
  A centaur zombie (D:5)
  2 hounds
  3 orc priests
  2 bullfrog skeletons
  2 centaur skeletons (D:9)
  2 iguanas
  9 orc wizards
  3 worker ants
  A statue (D:6)
  3 hound skeletons
  A worker ant zombie (D:9)
  A gnoll (D:4)
  A howler monkey skeleton (D:4)
  9 adders
  4 shadow imps
  2 oozes (D:4)
  2 adder zombies
  4 adder skeletons
  A worm (D:2)
  3 dart slugs
  3 leopard geckos
  30 orcs
  3 ball pythons
  9 bats
  7 giant cockroaches
  6 goblins
  11 hobgoblins
  9 kobolds
  4 frilled lizards
  A jackal skeleton (D:8)
  2 leopard gecko skeletons
  18 rats
  A spectral orc (D:5)
228 creatures vanquished.

Vanquished Creatures (others)
  2 merfolk (Lair:2)
  A fungus (Lair:2)
3 creatures vanquished.

Grand Total: 231 creatures vanquished

Notes
Turn   | Place    | Note
-------+----------+-------------------------------------------
     0 | Abyss:1  | Gargoyl the Ghoul Abyssal Knight began the quest for the Orb.
     0 | Abyss:1  | Reached XP level 1. HP: 19/19 MP: 1/1
    55 | Abyss:2  | Noticed a large abomination
    74 | Abyss:2  | Noticed a starcursed mass
    95 | Abyss:2  | Noticed a balrug
    96 | D:1      | Escaped the Abyss
   121 | D:1      | Reached XP level 2. HP: 24/26 MP: 2/2
   137 | D:1      | Reached * piety under Lugonu
   190 | D:1      | Reached skill level 2 in Armour
   256 | D:1      | Reached skill level 1 in Dodging
   455 | D:1      | Reached XP level 3. HP: 32/33 MP: 3/3
   990 | D:1      | Reached ** piety under Lugonu
  1347 | D:2      | Reached XP level 4. HP: 36/40 MP: 5/5
  1844 | D:2      | Found a glowing silver altar of Zin.
  1844 | D:2      | Found a glowing golden altar of the Shining One.
  1845 | D:2      | Found a white marble altar of Elyvilon.
  1945 | D:3      | Noticed Grinder
  1945 | D:3      | Paralysed by Grinder for 4 turns
  1986 | D:2      | Paralysed by Grinder for 6 turns
  2011 | D:2      | Paralysed by Grinder for 7 turns
  2033 | D:2      | Killed Grinder
  2033 | D:2      | Reached skill level 3 in Armour
  2033 | D:2      | Reached XP level 5. HP: 22/46 MP: 6/6
  2033 | D:2      | Reached XP level 6. HP: 25/52 MP: 7/7
  2079 | D:3      | Noticed dricus's ghost (amateur SpEn)
  2096 | D:3      | You fall through a shaft for 3 floors!
  2099 | D:6      | Got an ichor-stained long sword
  2100 | D:6      | Identified the +5 long sword of Apuh {drain, Stlth+} (You found it on level 6 of the Dungeon)
  2119 | D:6      | Noticed Edmund
  2120 | D:6      | Reached skill level 4 in Armour
  2157 | D:6      | Killed Edmund
  2157 | D:6      | Reached XP level 7. HP: 8/59 MP: 8/8
  2215 | D:6      | Noticed Sigmund
  2283 | D:6      | Killed Sigmund
  2283 | D:6      | Reached skill level 1 in Long Blades
  2470 | D:6      | Found a staircase to the Ecumenical Temple.
  2549 | D:6      | Found a radiant altar of Vehumet.
  2680 | D:6      | Found Toelasch Sydy's Weapon Shoppe.
  2689 | D:6      | Reached skill level 5 in Armour
  2690 | D:6      | Noticed Menkaure
  2703 | D:6      | Killed Menkaure
  2703 | D:6      | Reached XP level 8. HP: 44/66 MP: 10/10
  2824 | D:6      | Bought a +0 war axe for 38 gold pieces
  2862 | D:5      | Entered Level 5 of the Dungeon
  2963 | D:4      | Reached *** piety under Lugonu
  3212 | D:3      | Killed dricus's ghost
  3641 | D:3      | Found a shimmering altar of Xom.
  3892 | D:4      | Found a blossoming altar of Fedhas.
  3892 | D:4      | Found an ancient bone altar of Kikubaaqudgha.
  4025 | D:4      | Found a stormy altar of Qazlal.
  4025 | D:4      | Found a bloodstained altar of Trog.
  4437 | D:4      | Found a snail-covered altar of Cheibriados.
  4502 | D:5      | Found an iron altar of Okawaru.
  4597 | D:5      | Found a basalt altar of Yredelemnul.
  4739 | D:5      | Reached skill level 1 in Shields
  4811 | D:5      | Reached skill level 5 in Invocations
  5088 | D:6      | Reached skill level 6 in Armour
  5249 | D:6      | Reached skill level 5 in Axes
  5521 | D:7      | Noticed a hippogriff
  5525 | D:7      | Reached skill level 5 in Fighting
  5880 | D:8      | Killed a hippogriff
  5880 | D:8      | Reached XP level 9. HP: 53/74 MP: 10/12
  5942 | D:7      | Reached **** piety under Lugonu
  6028 | D:7      | Noticed Prince Ribbit
  6343 | D:7      | Noticed Dowan
  6346 | D:7      | Noticed Duvessa
  6508 | D:8      | Killed Prince Ribbit
  6541 | D:7      | Killed Duvessa
  6542 | D:7      | Killed Dowan
  6542 | D:7      | Reached skill level 7 in Armour
  6868 | D:8      | Found Enom's Distillery.
  6876 | D:8      | Bought a potion of heal wounds for 55 gold pieces
  6876 | D:8      | Bought a potion of curing for 33 gold pieces
  6876 | D:8      | Bought a potion of curing for 33 gold pieces
  6876 | D:8      | Bought a potion of curing for 33 gold pieces
  6876 | D:8      | Bought a potion of might for 44 gold pieces
  6876 | D:8      | Bought a potion of ambrosia for 88 gold pieces
  6876 | D:8      | Bought a potion of agility for 44 gold pieces
  7240 | D:8      | Noticed Erica
  7264 | D:8      | Killed Erica
  7264 | D:8      | Reached skill level 5 in Long Blades
  7264 | D:8      | Reached XP level 10. HP: 57/82 MP: 13/13
  7786 | D:9      | Reached skill level 8 in Armour
  7832 | D:9      | Found a staircase to the Lair.
  7875 | D:9      | Reached ***** piety under Lugonu
  8263 | Lair:1   | Entered Level 1 of the Lair of Beasts
  8293 | Lair:1   | Noticed a spiny frog
  8303 | Lair:1   | Killed a spiny frog
  8620 | Lair:1   | Noticed a seven-headed hydra
  8626 | Lair:1   | Reached XP level 11. HP: 91/91 MP: 15/15
  8640 | Lair:1   | Killed a one-headed hydra
  8849 | Lair:1   | Reached skill level 9 in Armour
  9814 | Lair:2   | HP: 2/91 [merfolk/trident (13)]
 10153 | Lair:2   | Found a staircase to the Shoals.
 10171 | Lair:2   | HP: 3/90 [electric eel/bolt of electricity (15)]
 10172 | Lair:2   | Killed from afar by an electric eel

Skill      XL: |  1  2  3  4  5  6  7  8  9 10 11 |
---------------+----------------------------------+-----
Armour         | 2 3 4 5 6 7 8 9 |  9.3
Dodging        | 1 2 |  2.0
Axes           | 2 3 4 5 |  5.2
Fighting       | 4 5 6 |  6.8
Invocations    | 3 4 5 6 7 8 |  8.8
Long Blades    | 1 3 5 6 7 |  7.5
Shields        | 1 3 4 |  4.8
Throwing       | |  0.8

Action                   |  1- 3 |  4- 6 |  7- 9 | 10-12 || total
-------------------------+-------+-------+-------+-------++-------
Melee: Hand axe          |   127 |   125 |       |       ||   252
       Long sword        |       |    39 |   335 |   346 ||   720
       War axe           |       |       |   174 |       ||   174
       Trident           |       |       |       |    43 ||    43
       Scimitar          |       |       |       |     9 ||     9
Throw: Tomahawk          |       |       |     6 |       ||     6
Invok: Depart the Abyss  |     1 |       |       |       ||     1
       Bend Space        |       |       |     1 |       ||     1
       Banish            |       |       |       |     3 ||     3
  Use: Potion            |       |     4 |     1 |     3 ||     8
       Scroll            |       |     3 |    10 |     3 ||    16
  Eat: Chunk             |    14 |    12 |    39 |    64 ||   129
Armor: Leather armour    |    17 |       |       |       ||    17
       Plate armour      |   107 |   174 |   516 |   320 ||  1117
Dodge: Dodged            |    50 |    44 |    90 |    78 ||   262
Block: Shield            |       |       |   215 |   216 ||   431
       Rpst.: Long sword |       |     2 |    23 |    17 ||    42
       Scimitar          |       |       |       |     1 ||     1
